 Dungeon Crawl Stone Soup version 0.18.1-6-gd335043 (webtiles) character file.

148 Zhenya25pyc the Covered (level 5, -1/33 HPs)
             Began as a Gargoyle Fighter on May 15, 2016.
             Splashed by a jelly's acid (3 damage)
             ... on level 3 of the Dungeon.
             The game lasted 00:02:06 (1794 turns).

Zhenya25pyc the Covered (Gargoyle Fighter)          Turns: 1794, Time: 00:02:07

Health: -1/33      AC:  7    Str: 21    XL:     5   Next: 30%
Magic:  5/5        EV:  7    Int:  8    God:
Gold:   171        SH:  9    Dex:  9    Spells: 0 memorised, 4 levels left

rFire  . . .     SeeInvis .     a - +0 flail
rCold  . . .     Gourm    .     b - +0 scale mail
rNeg   + . .     Faith    .     c - +0 shield
rPois  ∞         Spirit   .     (no helmet)
rElec  +         Dismiss  .     (no cloak)
rCorr  .         Reflect  .     (no gloves)
SustAt +         Harm     .     (no boots)
MR     .....                    (no amulet)
Stlth  ..........               (no ring)
                                k - ring of sustain attributes

@: corroded, not resistant to hostile enchantments, extremely unstealthy
A: negative energy resistance 1, electricity resistance, unbreathing,
petrification resistance, rot immunity, AC +4
a: no special abilities


You were on level 3 of the Dungeon.
You were not hungry.

You visited 1 branch of the dungeon, and saw 3 of its levels.

You collected 171 gold pieces.

Inventory:

Hand Weapons
 a - a +0 flail (weapon)
Armour
 b - a +0 scale mail (worn)
 c - a +0 shield (worn)
Jewellery
 k - a ring of sustain attributes (left hand)
Scrolls
 e - a scroll of fog {unknown}
 g - a scroll of magic mapping {unknown}
 h - a scroll of recharging {unknown}
 i - a scroll of immolation {unknown}
 j - a scroll of enchant armour {unknown}
 m - a scroll of enchant weapon {unknown}
 n - a scroll of amnesia {unknown}
 p - a scroll of identify {unknown}
Potions
 d - a potion of might
 l - a potion of degeneration {unknown}
 o - a potion of lignification {unknown}
Comestibles
 f - a bread ration
 q - a chunk of flesh


   Skills:
 + Level 4.1 Fighting
 * Level 4.0 Maces & Flails
 + Level 4.3 Armour
 - Level 3.2 Shields


You had 4 spell levels left.
You didn't know any spells.

Dungeon Overview and Level Annotations

Branches:
Dungeon (3/15)

Altars:
Dithmenos
Ru
Sif Muna


Innate Abilities, Weirdness & Mutations

You are resistant to torment.
Your stone body is resilient (AC +4).
You are immune to poison.
You resist negative energy.
You are resistant to electric shocks.
You can survive without breathing.
You are immune to petrification.
You are immune to rotting.


Message History

You hear a slurping noise.
The jelly jiggles.
You block the jelly's attack.
You hit the jelly but do no damage.
Your hands burn!
The jackal barely misses you. You block the jackal's attack.
You block the jelly's attack.
You thump the jelly!
Your hands burn!
The jelly is heavily wounded.
The jackal bites you but does no damage.
You block the jelly's attack. The jackal closely misses you.
You hit the jelly. The acid corrodes you!
Your hands burn!
The jelly is severely wounded.
The jackal bites you but does no damage.
The jelly hits you.
* * * LOW HITPOINT WARNING * * *
You are splashed with acid!
The acid burns!
* * * LOW HITPOINT WARNING * * *
The jackal barely misses you.
You hit the jelly but do no damage.
Your hands burn!
You die...

#....## .....#
#....# #....#
#####....#
.........#
.........#
.....###J######
... #@h.#.. .
###.#.# ###.#.#
#.....# #.....#
#.....####
#........#
#......#.#
#....#.# #


You could see a jelly and a jackal.

Vanquished Creatures
  Natasha (thrice) (D:2)
  3 adders
  A worm (D:2)
  2 dart slugs (D:1)
  A giant gecko (D:1)
  4 hobgoblins
  3 jackals (D:3)
  2 kobolds
  A quokka (D:3)
  A ball python (D:3)
  11 bats
  4 giant newts
  5 goblins
  5 rats (D:1)
46 creatures vanquished.

Notes
Turn   | Place    | Note
--------------------------------------------------------------
     0 | D:1      | Zhenya25pyc the Gargoyle Fighter began the quest for the Orb.
     0 | D:1      | Reached XP level 1. HP: 14/14 MP: 1/1
   310 | D:1      | Reached XP level 2. HP: 19/19 MP: 2/2
   791 | D:1      | Reached XP level 3. HP: 23/23 MP: 3/3
   861 | D:2      | Noticed Natasha
   872 | D:2      | Killed Natasha
   971 | D:2      | Reached XP level 4. HP: 25/29 MP: 4/4
  1138 | D:2      | Found a deep blue altar of Sif Muna.
  1180 | D:2      | Noticed Natasha
  1193 | D:2      | Killed Natasha
  1439 | D:2      | Noticed Natasha
  1472 | D:2      | Killed Natasha
  1472 | D:2      | Reached XP level 5. HP: 18/33 MP: 5/5
  1522 | D:2      | Found a shadowy altar of Dithmenos.
  1607 | D:2      | Found a sacrificial altar of Ru.
  1794 | D:3      | Splashed by a jelly's acid

Skill      XL: |  1  2  3  4  5 |
---------------+----------------+-----
Maces & Flails | 3 4 |  4.0
Armour         | 4 |  4.3
Fighting       | 4 |  4.1
Shields        | |  3.2

Action                   |  1- 3 |  4- 6 || total
-------------------------+-------+-------++-------
Melee: Flail             |    95 |   130 ||   225
  Eat: Chunk             |       |     3 ||     3
Armor: Scale mail        |    51 |   107 ||   158
Dodge: Dodged            |    33 |    44 ||    77
Block: Shield            |    56 |    79 ||   135
